 Dungeon Crawl Stone Soup version 0.31.0-11-ge490571c62 (webtiles) character file.

Game seed: 16274032571197818643

23 qw the Shooter (level 2, -1/16 HPs)
             Began as a Deep Elf Hunter on Feb 3, 2024.
             Shot with a sling bullet by a goblin (4 damage)
             ... on level 2 of the Dungeon.
             The game lasted 00:00:01 (583 turns).

qw the Shooter (Deep Elf Hunter)                     Turns: 583, Time: 00:00:02

Health: -1/16      AC:  4    Str:  8    XL:     2   Next: 72%
Magic:  4/4        EV: 12    Int: 13    God:
Gold:   39         SH:  0    Dex: 18    Spells: 1/1 levels left

rFire   . . .        a - +0 shortbow
rCold   . . .        (shield currently unavailable)
rNeg    . . .        c - +0 leather armour
rPois   .            (no helmet)
rElec   .            (no cloak)
rCorr   .            d - +0 pair of gloves
SInv    .            (no boots)
Will    .....        (no amulet)
Stlth   ++           (no ring)
HPRegen 0.22/turn    (no ring)
MPRegen 0.09/turn

%: no passive effects
@: no status effects
A: no striking features
a: no special abilities


You were on level 2 of the Dungeon.
You visited 1 branch of the dungeon, and saw 2 of its levels.

You collected 39 gold pieces.


   Skills:
 - Level 1.5 Fighting
 + Level 6.4 Ranged Weapons
 - Level 2.4 Dodging
 - Level 1.2 Stealth


You had one spell level left.
You didn't know any spells.
Your spell library was empty.

Inventory:

Hand Weapons
 a - a +0 shortbow (weapon)
Armour
 c - a +0 leather armour (worn)
 d - a +0 pair of gloves (worn)
Potions
 h - a potion of might
 i - a potion of heal wounds {unknown}
 k - a potion of cancellation {unknown}

Dungeon Overview and Level Annotations

Branches:
Dungeon (2/15)

Altars:


Message History

You shoot an arrow.
The arrow hits the goblin but does no damage.
You hear a shout!
The goblin shoots a sling bullet.
The sling bullet hits you.
A jackal comes into view.
You shoot an arrow. The arrow closely misses the jackal.
The jackal barks!
A goblin comes into view. It is wielding a +0 dagger.
The goblin shoots a sling bullet.
The sling bullet hits you.
You shoot an arrow. The arrow closely misses the goblin.
The goblin shoots a sling bullet.
The sling bullet hits you. The goblin hits you with a +0 dagger.
You shoot an arrow. The arrow misses the goblin.
The goblin barely misses you.
You shoot an arrow. The arrow hits the jackal.
The jackal is lightly wounded.
The jackal bites you but does no damage.
The goblin barely misses you. The jackal barely misses you.
You shoot an arrow. The arrow barely misses the jackal.
The jackal barely misses you. The jackal misses you.
The goblin hits you but does no damage.
You shoot an arrow. The arrow hits the jackal.
You kill the jackal!
The jackal barely misses you. The goblin hits you with a +0 dagger.
An endoplasm comes into view.
The jackal barely misses you. The quokka bites you.
You shoot an arrow. The arrow hits the jackal!
You kill the jackal!
The quokka bites you but does no damage.
The goblin barely misses you.
The goblin shoots a sling bullet.
The sling bullet hits you.
You shoot an arrow. The arrow barely misses the quokka.
The quokka closely misses you. The goblin hits you with a +0 dagger.
The goblin shoots a sling bullet.
The sling bullet barely misses you. The quokka bites you.
You shoot an arrow.
The arrow hits the quokka but does no damage.
The goblin closely misses you.
The goblin shoots a sling bullet.
The sling bullet hits you.
You die...

.## #....... ...
#...%!. ... #?....
... +.... #$##...
#..#J.
#####.rg#############
.....g.@.#..........#
......%....########.#
........##...# #.#
........###..# ###%##
........# ..# #...<#
........# ..# #.#.##
........# #.. #.#.#
........# .## #...#
.# #####


You could see an endoplasm, a quokka and 2 goblins.

Vanquished Creatures
  A dart slug (D:1)
  4 bats
  4 endoplasms
  A goblin (D:1)
  A hobgoblin (D:1)
  2 jackals (D:2)
  A kobold (D:1)
  A quokka (D:1)
  2 rats (D:2)
17 creatures vanquished.

Notes
Turn   | Place    | Note
-------+----------+-------------------------------------------
     0 | D:1      | qw the Deep Elf Hunter began the quest for the Orb.
     0 | D:1      | Reached XP level 1. HP: 12/12 MP: 3/3
     0 | D:1      | 0 ||| qw: Version: 0.3-a-158-g18b3111
     0 | D:1      | 0 ||| qw: Game counter: 4139
     0 | D:1      | 0 ||| qw: Melee chars always use a shield: true
     0 | D:1      | 0 ||| qw: God list: Okawaru
     0 | D:1      | 0 ||| qw: Allow faded altars: false
     0 | D:1      | 0 ||| qw: Do Orc after clearing Dungeon:15 true
     0 | D:1      | 0 ||| qw: Do second Lair branch before Depths: true
     0 | D:1      | 0 ||| qw: Lair rune preference: random
     0 | D:1      | 0 ||| qw: Goals: Normal
     0 | D:1      | 0 ||| PLANNING D:1-11
   211 | D:1      | Reached XP level 2. HP: 16/16 MP: 4/4
   218 | D:1      | Reached skill level 6 in Ranged Weapons
   271 | D:1      | HP: 3/16 [frozen (4)]
   490 | D:1      | 490 ||| UPGRADING to +0 pair of gloves.
   495 | D:1      | 495 ||| READING scroll labelled MUJAOKOOFI.
   496 | D:1      | 496 ||| READING scroll labelled FASHUSOSURO.
   497 | D:1      | 497 ||| READING scroll labelled HUOKHE NABOR.
   497 | D:1      | 497 ||| IDENTIFYING cyan potion
   498 | D:1      | 498 ||| READING scroll labelled IVU WAK LUUGEI.
   499 | D:1      | 499 ||| READING scroll labelled FUOM UME FEI.
   504 | D:1      | 504 ||| DROPPING scroll of butterflies.
   582 | D:2      | HP: 4/16 [goblin/+0 dagger (1)]
   583 | D:2      | Shot with a sling bullet by a goblin

Levels and vault maps discovered:
D:1:      psy_arrival_statuary, layout_rooms
D:2:      minmay_diamond_boxcup, layout_basic, basic_altar

Skill      XL: |  1  2 |
---------------+-------+-----
Ranged Weapons | 6 |  6.4
Fighting       | |  1.5
Dodging        | |  2.4
Stealth        | |  1.2

Action                     || total
---------------------------++-------
   Fire: Shortbow          ||    47
    Use: Scroll            ||     5
 Armour: Leather armour    ||    18
  Dodge: Dodged            ||    16

Table legend:
 A = Non-vault XP
 B = Vault XP
 C = Vault XP percentage of total XP
 D = Non-vault monster count
 E = Vault monster count
 F = Vault count percentage of total count
                 A         B        C        D         E       F
            +---------+---------+-------+---------+---------+-------
      Total |      33 |       0 |   0.0 |      17 |       0 |   0.0
            +---------+---------+-------+---------+---------+-------
        D:1 |      23 |       0 |   0.0 |      11 |       0 |   0.0
        D:2 |      10 |       0 |   0.0 |       6 |       0 |   0.0
            +---------+---------+-------+---------+---------+-------
